 Dungeon Crawl Stone Soup version 0.23.1 (webtiles) character file.

Game seed: 1158749073761866929

280 Kairos the Sneak (level 6, 0/32 HPs)
             Began as a Vine Stalker Assassin on Mar 17, 2019.
             Succumbed to an orc wizard's poison
             ... on level 3 of the Dungeon.
             The game lasted 00:03:16 (2563 turns).

Kairos the Sneak (Vine Stalker Assassin)            Turns: 2563, Time: 00:03:17

Health: 0/32       AC:  4    Str: 13    XL:     6   Next: 27%
Magic:  3/7        EV: 12    Int: 11    God:
Gold:   253        SH:  0    Dex: 18    Spells: 5/5 levels left

rFire    . . .     SeeInvis .   a - +2 dagger
rCold    . . .     Gourm    .   (no shield)
rNeg     . . .     Faith    .   p - +0 leather armour
rPois    .         Spirit   +   (no helmet)
rElec    .         Reflect  .   h - +0 cloak (curse)
rCorr    .         Harm     .   (no gloves)
MR       .....                  (no boots)
Stlth    +++.......             (no amulet)
HPRegen  0.50/turn              (no ring)
MPRegen  0.10/turn              (no ring)

@: lethally poisoned (0 -> -11)
A: fangs 2, regeneration 1, magic shield, antimagic bite, no potion heal 3, rot
immunity
a: no special abilities


You were on level 3 of the Dungeon.
You were not hungry.

You visited 1 branch of the dungeon, and saw 3 of its levels.

You collected 253 gold pieces.

Inventory:

Hand Weapons
 a - a +2 dagger (weapon)
 b - a +0 blowgun
Missiles
 e - 8 poisoned needles
 f - 2 curare-tipped needles
Armour
 c - a +0 robe
 d - a +0 cloak
 h - a cursed +0 cloak (worn)
 p - a +0 leather armour (worn)
Scrolls
 j - 2 scrolls of remove curse
 k - a scroll of teleportation
 l - a scroll of fog
 n - a scroll of random uselessness
 s - a scroll of identify
 t - a scroll of amnesia {unknown}
Potions
 g - 2 potions of ambrosia {unknown}
 i - a potion of might
 m - 2 potions of haste {unknown}
 o - a potion of curing {unknown}
 r - a potion of magic {unknown}
Comestibles
 q - 2 rations


   Skills:
 + Level 2.6 Fighting
 + Level 3.4 Short Blades
 + Level 1.8 Throwing
 + Level 0.4 Armour
 + Level 2.2 Dodging
 + Level 6.7 Stealth


You had 5 spell levels left.
You didn't know any spells.
Your spell library was empty.

Dungeon Overview and Level Annotations

Branches:
Dungeon (3/15)

Altars:


Innate Abilities, Weirdness & Mutations

You have extremely sharp teeth.
Your natural rate of healing is unusually fast.
When hurt, damage is shared between your health and your magic reserves.
Your bite disrupts and absorbs the magic of your enemies.
Potions cannot restore your health.
You are immune to rotting.


Message History

* * * LOW HITPOINT WARNING * * *
You feel sick.
You hit the orc priest. You bite the orc priest.
You kill the orc priest!
* * * LOW HITPOINT WARNING * * *
You feel sick.
* * * LOW HITPOINT WARNING * * *
You feel sick.
The orc wizard begins to cast a cantrip, but forgets the words!
Items here: )) †† a +0 club; a +0 mace; an orc corpse x2
You hit the orc wizard but do no damage.
The orc wizard is almost dead.
* * * LOW HITPOINT WARNING * * *
You feel sick.
The orc wizard hits you but does no damage.
You are more poisoned.
You closely miss the orc wizard. You bite the orc wizard.
You kill the orc wizard!
You die...

## .# .#
########.# ###
#......@)# #.#
#.###.##.#
#.####.###.# ...
## #..........#
#### .#
#.####.##..... .#
#.# #.##.....
.####.#
#.##..###.#......#
......# #......
.........#
####..#######
#........#


There were no monsters in sight!

Vanquished Creatures
  2 orc wizards
  A hound (D:3)
  An orc priest (D:3)
  8 adders
  3 gnolls (D:2)
  3 worms
  3 orcs
  2 giant cockroaches
  5 goblins
  6 hobgoblins
  A quokka (D:3)
  2 ball pythons (D:3)
  10 bats
  5 frilled lizards
  7 kobolds
  2 rats (D:1)
61 creatures vanquished.

Notes
Turn   | Place    | Note
-------+----------+-------------------------------------------
     0 | D:1      | Kairos the Vine Stalker Assassin began the quest for the
                  | Orb.
     0 | D:1      | Reached XP level 1. HP: 11/11 MP: 2/2
    23 | D:1      | Reached skill level 5 in Stealth
   234 | D:1      | Reached XP level 2. HP: 15/15 MP: 3/3
   423 | D:2      | Reached XP level 3. HP: 5/18 MP: 2/4
   796 | D:2      | Reached skill level 1 in Dodging
   894 | D:2      | Gained mutation: Your natural rate of healing is unusually
                  | fast. [Vine Stalker growth]
   894 | D:2      | Reached XP level 4. HP: 21/23 MP: 5/5
   921 | D:2      | Reached skill level 6 in Stealth
  1595 | D:2      | Reached XP level 5. HP: 14/26 MP: 6/6
  2557 | D:3      | Reached XP level 6. HP: 6/32 MP: 2/7
  2563 | D:3      | Succumbed to an orc wizard's poison

Skill      XL: |  1  2  3  4  5 |
---------------+----------------+-----
Stealth        | 5 6 |  6.7
Short Blades   | 2 3 |  3.4
Fighting       | 2 |  2.6
Dodging        | 1 2 |  2.2
Throwing       | |  1.8
Armour         | |  0.4

Action                   |  1- 3 |  4- 6 || total
-------------------------+-------+-------++-------
Melee: Dagger            |    76 |   133 ||   209
       Bite              |    18 |    40 ||    58
  Use: Potion            |     2 |       ||     2
       Scroll            |       |     4 ||     4
 Stab: Sleeping          |     8 |     7 ||    15
       Distracted        |       |     1 ||     1
  Eat: Chunk             |       |     2 ||     2
       Ration            |       |     1 ||     1
Armor: Robe              |    16 |    12 ||    28
       Leather armour    |       |     7 ||     7
Dodge: Dodged            |    44 |    70 ||   114
